 Dungeon Crawl Stone Soup version 0.29.1-1-gd02db6906a (webtiles) character file.

Game seed: 7852617693484078642

9744 hawla the Arsonist (level 12, 0/81 (86) HPs)
             Began as a Meteoran Fire Elementalist on Oct 1, 2022.
             Was a Priest of Vehumet.
             Slain by a wraith (3 damage)
             ... led by Josephine
             ... on level 10 of the Dungeon on Oct 2, 2022.
             The game lasted 00:34:53 (5618 turns).

hawla the Arsonist (Meteoran Fire Elementalist)     Turns: 5618, Time: 00:34:55

HP:   0/81 (86)     AC: 14    Str: 10    XL:     12   Next: 9%
MP:   4/29          EV: 12    Int: 23    God:    Vehumet [***...]
Gold: 170           SH:  0    Dex: 14    Spells: 26/36 levels left

rFire   + . .      SeeInvis .   s - staff of air
rCold   x . .      Faith    .   (no shield)
rNeg    . . .      Spirit   .   v - +2 swamp dragon scales
rPois   +          Reflect  .   i - +0 helmet
rElec   +          Harm     .   m - +0 cloak
rCorr   .          Rampage  .   t - +1 pair of gloves
Will    +....                   r - +0 pair of boots
Stlth   +.........              (no amulet)
HPRegen 0.23/turn               g - ring of fire
MPRegen 0.21/turn               (no ring)

@: slowed, glowing, studying Air Magic, drained, very slow
A: sense surroundings 2, otherworldly, glowing, explore regen
a: Renounce Religion


You were on level 10 of the Dungeon.
You worshipped Vehumet.
Vehumet was most pleased with you.
You visited 2 branches of the dungeon, and saw 11 of its levels.
You also visited: Ossuary.

You collected 385 gold pieces.
You spent 215 gold pieces at shops.

Inventory:

Missiles
 d - 3 throwing nets
Armour
 a - a +2 robe
 i - a +0 helmet (worn)
 m - a +0 cloak (worn)
 r - a +0 pair of boots (worn)
 t - a +1 pair of gloves (worn)
 v - +2 swamp dragon scales (worn)
Magical Staves
 s - a staff of air (weapon)
Jewellery
 g - a ring of fire (left hand)
Wands
 h - a wand of flame (18)
 x - a wand of mindburst (7)
Scrolls
 b - 2 scrolls of poison
 e - 3 scrolls of teleportation
 f - 2 scrolls of blinking
 j - a scroll of silence
 n - 4 scrolls of magic mapping
 o - a scroll of enchant armour
Potions
 c - a potion of degeneration
 k - 10 potions of curing
 l - 2 potions of brilliance
 p - 3 potions of heal wounds
 q - 2 potions of ambrosia
 u - a potion of flight
 z - a potion of might


   Skills:
 + Level 2.3 Fighting
 + Level 1.2 Staves
 + Level 5.5 Dodging
 - Level 1.4 Stealth
 + Level 12.6 Spellcasting
 + Level 7.2 Conjurations
 + Level 3.3 Necromancy
 + Level 14.0 Fire Magic
 + Level 1.0 Air Magic
 + Level 1.5 Evocations


You had 26 spell levels left.
You knew the following spells:

 Your Spells              Type           Power      Damage    Failure   Level
a - Foxfire               Conj/Fire      100%       2x1d9     1%          1
b - Scorch                Fire           100%       2d10      1%          2
c - Flame Wave            Conj/Fire      76%        2d17      1%          4
d - Vampiric Draining     Necr           29%        2d8       9%          3

Your spell library contained the following spells:

 Spells                   Type           Power      Damage    Failure   Level
 Frozen Ramparts          Ice            28%        1d5       10%         3
 Shock                    Conj/Air       100%       1d9       1%          1
 Conjure Flame            Conj/Fire      76%        6-21      1%          3
 Inner Flame              Hex/Fire       63%        N/A       1%          3
 Dazzling Flash           Conj/Hex       62%        N/A       2%          3
 Starburst                Conj/Fire      38%        6d11      6%          6
 Fulminant Prism          Conj/Hex       15%        3d11      7%          4
 Hailstorm                Conj/Ice       31%        3d8       7%          4
 Iskenderun's Mystic Bla  Conj/Tloc      31%        2d8       7%          4
 Slow                     Hex            56%        N/A       12%         1
 Airstrike                Air            14%        2d(2-18)  19%         4
 Swiftness                Air            28%        N/A       22%         3
 Animate Dead             Necr           29%        N/A       28%         4
 Confusing Touch          Hex            14%        N/A       34%         3
 Portal Projectile        Hex/Tloc       28%        N/A       34%         3
 Tukima's Dance           Hex            14%        N/A       34%         3
 Lee's Rapid Deconstruct  Erth           7%         3d7*      58%         5
 Ice Form                 Ice/Tmut       14%        N/A       75%         4
 Borgnjor's Vile Clutch   Necr/Erth      11%        N/A       83%         5
 Blade Hands              Tmut           7%         N/A       97%         5
 Death Channel            Necr           14%        N/A       99%         6
 Simulacrum               Ice/Necr       11%        N/A       100%        6


Dungeon Overview and Level Annotations

Branches:
Dungeon (10/15) Zot: 553   Temple (1/1) D:6 Zot: 551    Lair (0/5) D:9
Ossuary (visited)
    Orc: D:9-12

Altars:
Ashenzari
Dithmenos
Fedhas
Gozag
Hepliaklqana
Kikubaaqudgha
Makhleb
Nemelex Xobeh
Qazlal
Ru
Sif Muna
Trog
Uskayaw
Vehumet
Wu Jian
Xom
Yredelemnul
Zin
Lugonu

Shops:
D:6 ?   D:9 *

Annotations:
D:10 Josephine


Innate Abilities, Weirdness & Mutations

You passively map the area around you.
You are easily found by Zot.
You glow in the dark.
You regain HP and MP as you explore.


Message History

You feel your power returning.
You feel life coursing into your body. The wraith hits you!
The wraith drains your vigour!
You feel as though you will be slow longer.
Josephine barely misses you. The wraith closely misses you.
The wraith hits you but does no damage. The wraith closely misses you.
Josephine hits you with a +0 dagger.
* * * LOW HITPOINT WARNING * * *
Your orc warrior barely misses the wraith.
Your orc warrior barely misses Josephine.
You feel much better. The wraith barely misses you. x2
Josephine barely misses you.
Okay, then.
Blink to where?
Press: ? - help, Dir - move target, f - you
Okay, then.
The wraith attacks as you move away! The wraith hits you.
The wraith drains your vigour!
You feel as though you will be slow longer.
Josephine attacks as you move away! Josephine hits you with a +0 dagger.
The wraith closely misses your orc warrior.
Josephine hits your orc warrior with a +0 dagger.
Your orc warrior hits the wraith with a +0 war axe!
Your orc warrior hits the wraith with a +0 war axe.
Your orc warrior hits Josephine with a +0 war axe!
The wraith hits your orc warrior!
Your orc warrior dies!
Your orc warrior's corpse dissolves into shadows!
The wraith hits you! The wraith drains your vigour!
You feel as though you will be slow longer.
The wraith attacks as you move away! The wraith barely misses you.
Josephine hits you with a +0 dagger.
Your magical contamination has completely faded away.
The wraith attacks as you move away! The wraith closely misses you.
Josephine casts a spell at you.
The ghostly flame explodes!
The ghostly fireball engulfs you!!
You feel drained.
* * * LOW HITPOINT WARNING * * *
The ghostly fireball engulfs the wraith.
The wraith completely resists.
The wraith hits you.
You die...

* ** ###...............
, .....⌠......#######
#...,
*.#....P~P..#......
#... ......P~P..#..<...
#....
#...#..P...'...... ...
##..##+.....#...... **
#.###..## ##....#......
#.......###...#.#......
#..).W@..#....#.#......
#.).@W##...#..#.#......
#.))..#.......#.#......
#.....#.......#.#######
* #.....#.......# ,, ,
, .......#....^..# ,
........+.......#,
*........#.......# , *
#........#.......# ,, ,


You could see Josephine and 2 wraiths.

Vanquished Creatures
  A two-headed ogre (D:9)
  The ghost of Scypho the Carver, a novice MiFi of Okawaru (D:8)
  Maggie (D:7)
  A troll (D:9)
  6 polar bears (D:9)
  A queen bee (D:8)
  A hornet (D:8)
  Prince Ribbit (D:6)
  8 yaks (D:9)
  A wraith (Ossuary)
  An unseen horror simulacrum (D:9)
  An acid dragon (D:7)
  3 orc warriors
  A water moccasin (D:9)
  A sky beast (D:8)
  7 ice beasts
  3 black bears
  A wolf (D:9)
  2 ogres (D:6)
  3 centaurs
  2 phantoms
  2 kobold brigands
  2 bullfrogs (D:8)
  A gnoll sergeant (D:10)
  A necrophage (D:6)
  3 scorpions
  2 wights (D:9)
  12 killer bees
  A lava snake (D:7)
  4 hounds
  2 wyvern simulacra (D:9)
  7 orc priests
  3 jellies
  A gnoll bouda (D:8)
  2 iguanas
  9 orc wizards
  Natasha (thrice) (D:3)
  A centaur simulacrum (D:9)
  A mummy (Ossuary)
  Robin (D:2)
  17 adders
  9 gnolls
  A shadow imp (D:6)
  3 white imps
  A howler monkey simulacrum (D:9)
  An ufetubus (D:9)
  5 worms
  A dart slug (D:4)
  46 orcs
  13 endoplasms
  7 giant cockroaches
  14 goblins
  7 hobgoblins
  3 jackals (D:1)
  15 kobolds
  7 quokkas
  12 ball pythons
  5 bats
  5 frilled lizards
  4 gnoll skeletons (Ossuary)
  5 kobold skeletons (Ossuary)
  13 orc skeletons (Ossuary)
  A quokka zombie (D:4)
  4 rats
  A rat zombie (D:4)
305 creatures vanquished.

Vanquished Creatures (collateral kills)
  A wraith (D:10)
  3 gnolls (D:10)
4 creatures vanquished.

Vanquished Creatures (others)
  272 foxfires
272 creatures vanquished.

Grand Total: 581 creatures vanquished

Notes
Turn   | Place    | Note
-------+----------+-------------------------------------------
     0 | D:1      | hawla the Meteoran Fire Elementalist began the quest for
                  | the Orb.
     0 | D:1      | Reached XP level 1. HP: 14/14 MP: 5/5
    56 | D:1      | Reached XP level 2. HP: 20/20 MP: 4/6
    59 | D:1      | Learned a level 2 spell: Scorch
   186 | D:1      | Reached skill level 4 in Fire Magic
   186 | D:1      | Found a faded altar of an unknown god.
   261 | D:1      | Reached XP level 3. HP: 4/26 MP: 0/8
   498 | D:1      | Glimpsed the power of Zot.
   552 | D:2      | Reached XP level 4. HP: 33/33 MP: 5/9
   672 | D:2      | Learned a level 4 spell: Flame Wave
   684 | D:2      | Reached skill level 5 in Fire Magic
   696 | D:2      | Reached XP level 5. HP: 38/38 MP: 1/11
   767 | D:2      | Noticed Robin
   781 | D:2      | Killed Robin
  1003 | D:3      | Found a hide-covered altar of Uskayaw.
  1022 | D:3      | Noticed Natasha
  1030 | D:3      | HP: 1/38 [Natasha/magic dart (7)]
  1032 | D:3      | Killed Natasha
  1033 | D:3      | Reached skill level 6 in Fire Magic
  1033 | D:3      | Reached XP level 6. HP: 9/45 MP: 0/12
  1035 | D:3      | Noticed a +0 dagger
  1036 | D:3      | Noticed a +0 hand axe
  1229 | D:3      | Noticed Natasha
  1239 | D:3      | Killed Natasha
  1312 | D:3      | Noticed Natasha
  1322 | D:3      | Killed Natasha
  1476 | D:3      | Found an opulent altar of Gozag.
  1555 | D:4      | Reached skill level 7 in Fire Magic
  1627 | D:4      | Reached XP level 7. HP: 46/50 MP: 13/13
  1829 | D:4      | Found a sand-covered staircase.
  1855 | Ossuary  | Entered an ossuary
  1855 | Ossuary  | Noticed a wraith
  1855 | Ossuary  | Noticed a wraith
  1855 | Ossuary  | Noticed a wraith
  1895 | Ossuary  | Noticed a wraith
  1910 | Ossuary  | Killed a wraith
  1911 | Ossuary  | Reached skill level 8 in Fire Magic
  1911 | Ossuary  | Reached XP level 8. HP: 47/58 MP: 7/14
  2056 | D:4      | Reached skill level 1 in Fighting
  2108 | D:4      | Found a broken altar of Ashenzari.
  2411 | D:5      | Entered Level 5 of the Dungeon
  2495 | D:5      | Reached skill level 1 in Air Magic
  2495 | D:5      | Reached skill level 1 in Evocations
  2499 | D:5      | Learned a level 3 spell: Vampiric Draining
  2535 | D:5      | Found an ornate altar of the Wu Jian Council.
  2538 | D:5      | Found a shadowy altar of Dithmenos.
  2538 | D:5      | Found a bloodstained altar of Trog.
  2542 | D:5      | Found a shimmering altar of Xom.
  2727 | D:5      | Found a hazy altar of Hepliaklqana.
  2932 | D:5      | Reached skill level 5 in Spellcasting
  3037 | D:5      | Glimpsed the power of Zot.
  3161 | D:6      | Gained mutation: You passively map the area around you.
                  | [Meteoran growth]
  3161 | D:6      | Reached XP level 9. HP: 64/64 MP: 13/18
  3170 | D:6      | Reached skill level 9 in Fire Magic
  3173 | D:6      | Noticed Prince Ribbit
  3242 | D:6      | Killed Prince Ribbit
  3266 | D:6      | Reached skill level 5 in Conjurations
  3314 | D:6      | Found Zeod's Magic Scroll Emporium.
  3318 | D:6      | Reached skill level 10 in Fire Magic
  3334 | D:6      | Bought a scroll of teleportation for 33 gold pieces
  3334 | D:6      | Bought a scroll of identify for 22 gold pieces
  3334 | D:6      | Bought a scroll of identify for 22 gold pieces
  3531 | D:6      | Found a staircase to the Ecumenical Temple.
  3537 | Temple   | Entered the Ecumenical Temple
  3566 | Temple   | Became a worshipper of Vehumet
  3682 | D:6      | Glimpsed the power of Zot.
  3730 | D:6      | Glimpsed the power of Zot.
  3812 | D:7      | Reached XP level 10. HP: 45/72 MP: 15/23
  3816 | D:7      | Noticed Maggie
  3824 | D:7      | Killed Maggie
  3825 | D:7      | Reached skill level 11 in Fire Magic
  3849 | D:7      | Found a burning altar of Makhleb.
  3890 | D:7      | Reached skill level 1 in Staves
  3924 | D:7      | Reached * piety under Vehumet
  3924 | D:7      | Offered knowledge of Magic Dart by Vehumet.
  4280 | D:7      | Glimpsed the power of Zot.
  4530 | D:8      | Found a transporter.
  4533 | D:8      | Noticed Scypho's ghost (novice MiFi)
  4599 | D:8      | Found a transporter.
  4686 | D:8      | Reached skill level 10 in Spellcasting
  4715 | D:8      | Reached ** piety under Vehumet
  4715 | D:8      | Offered knowledge of Sandblast by Vehumet.
  4719 | D:8      | Killed Scypho's ghost
  4720 | D:8      | Reached skill level 5 in Dodging
  4720 | D:8      | Reached skill level 12 in Fire Magic
  4720 | D:8      | Reached XP level 11. HP: 66/79 MP: 12/26
  4777 | D:8      | Identified the +1 ring mail of Time Monsters {*Slow rPois
                  | Slay+4}
  5187 | D:9      | Reached skill level 13 in Fire Magic
  5210 | D:9      | Noticed a two-headed ogre
  5216 | D:9      | Killed a two-headed ogre
  5232 | D:9      | Found a staircase to the Lair.
  5255 | D:9      | Offered knowledge of Poisonous Vapours by Vehumet.
  5347 | D:9      | Reached *** piety under Vehumet
  5348 | D:9      | Reached XP level 12. HP: 86/86 MP: 25/29
  5363 | D:9      | Found Divool's Assorted Antiques.
  5441 | D:9      | Found an ancient bone altar of Kikubaaqudgha.
  5445 | D:9      | Found a blossoming altar of Fedhas.
  5475 | D:9      | Bought a scroll of identify for 46 gold pieces
  5475 | D:9      | Bought an encrusted wooden wand for 92 gold pieces
  5476 | D:9      | Glimpsed the power of Zot.
  5526 | D:9      | Glimpsed the power of Zot.
  5564 | D:10     | Entered Level 10 of the Dungeon
  5598 | D:10     | Noticed Josephine
  5605 | D:10     | Reached skill level 14 in Fire Magic
  5607 | D:10     | Offered knowledge of Frozen Ramparts by Vehumet.
  5618 | D:10     | HP: 3/81 [Josephine/ghostly fireball (27)]
  5618 | D:10     | Slain by a wraith

Illustrated notes

Levels and vault maps discovered:
D:1:      lemuel_arrival_river_ford, layout_basic,
          shapermc_ecumenical_altar_totnotflames
D:2:      layout_rooms, uniq_robin
D:3:      layout_rooms, dancing_weapons_uskayaw, mainiacjoe_overflow_alcove_1,
          minmay_box_of_dots, uniq_natasha
D:4:      layout_basic, general_overflow_altar, enter_ossuary_4, minivault_23,
          serial_park_tiny_2, kennysheep_cross_room, minmay_statues_item
D:5:      layout_basic, overflow_temple_1_default, grunt_temple_overflow_open,
          minmay_diced_spiral
D:6:      layout_loops_cross, slow_altar_1, minmay_temple_entry_fiery,
          serial_shops, shop, uniq_prince_ribbit1
D:7:      layout_cave_pools, mainiacjoe_overflow_chevrons,
          kennysheep_crisscross, uniq_maggie
D:8:      layout_gridville, gammafunk_ghost_hive
D:9:      layout_loops_ring, grunt_temple_overflow_growth_and_decay,
          lair_entry_dummy, serial_ice, serial_ice_h, serial_ice_l,
          serial_ice_n, serial_ice_b, serial_ice_d, serial_ice_a, serial_ice_e,
          serial_ice_m, serial_ice_o, serial_ice_c, serial_shops, shop
D:10:     layout_irregular_city, tso_oasis_becter, okawaru_trees_2,
          uniq_josephine
Temple:   corrupted_temple

Skill      XL: |  1  2  3  4  5  6  7  8  9 10 11 12 |
---------------+-------------------------------------+-----
Fire Magic     | 4 5 6 7 8 10 12 13 14 | 14.0
Spellcasting   | 3 5 8 10 12 | 12.6
Dodging        | 3 4 5 |  5.5
Conjurations   | 2 3 4 5 6 7 |  7.2
Fighting       | 1 2 |  2.3
Air Magic      | 1 |  1.0
Evocations     | 1 |  1.5
Necromancy     | 3 |  3.3
Staves         | 1 |  1.2
Stealth        | |  1.4

Action                   |  1- 3 |  4- 6 |  7- 9 | 10-12 || total
-------------------------+-------+-------+-------+-------++-------
Melee: Unarmed           |     6 |    11 |       |       ||    17
       Dagger            |       |    42 |    48 |       ||    90
       Staff             |       |       |    30 |     7 ||    37
       Punch             |       |       |     1 |       ||     1
 Cast: Foxfire           |    28 |    63 |    34 |    43 ||   168
       Scorch            |    19 |    31 |    54 |    46 ||   150
       Flame Wave        |       |       |    17 |    32 ||    49
       Vampiric Draining |       |       |     1 |    10 ||    11
Evoke: Wand              |       |       |       |     1 ||     1
  Use: Potion            |     3 |     1 |     1 |     2 ||     7
       Scroll            |     1 |     5 |    13 |     3 ||    22
Armor: Robe              |     8 |    16 |    42 |    11 ||    77
       Swamp dragon scal |       |       |       |    58 ||    58
Dodge: Dodged            |    31 |    46 |    78 |    77 ||   232
